 Dungeon Crawl Stone Soup version 0.29-a0-824-gd827844252 (webtiles) character file.

Game seed: 17960299719179642551

231 Malachi the Ruffian (level 5, -2/48 HPs)
             Began as a Troll Gladiator on July 9, 2022.
             Slain by a goblin
             ... wielding a +0 club
             ... led by Robin
              (5 damage)
             ... on level 3 of the Dungeon.
             The game lasted 00:01:50 (2583 turns).

Malachi the Ruffian (Troll Gladiator)               Turns: 2583, Time: 00:01:51

Health: -2/48      AC:  4    Str: 24    XL:     5   Next: 73%
Magic:  4/4        EV: 10    Int:  4    God:
Gold:   138        SH:  0    Dex: 11    Spells: 4/4 levels left

rFire   . . .      SeeInvis .     - Unarmed
rCold   . . .      Faith    .   (no shield)
rNeg    . . .      Spirit   .   a - +0 robe
rPois   .          Reflect  .   b - +0 hat
rElec   .          Harm     .   (no cloak)
rCorr   .          Rampage  .   (gloves unavailable)
Will    .....                   (boots unavailable)
Stlth   +.........              (no amulet)
HPRegen 0.96/turn               (no ring)
MPRegen 0.09/turn               (no ring)

@: lethally poisoned (-2 -> -11)
A: large, unfitting armour, claws 3, regeneration 1, shaggy fur 1, tough skin 1
a: no special abilities


You were on level 3 of the Dungeon.
You visited 1 branch of the dungeon, and saw 3 of its levels.

You collected 138 gold pieces.

Inventory:

Missiles
 c - 3 throwing nets (quivered)
 d - a large rock
 j - 5 javelins
Armour
 a - a +0 robe (worn)
 b - a +0 hat (worn)
Scrolls
 g - a scroll of identify {unknown}
 h - 2 scrolls of magic mapping {unknown}
 k - a scroll of torment {unknown}
 m - a scroll of amnesia {unknown}
 n - a scroll of fog {unknown}
Potions
 e - a potion of haste {unknown}
 i - a potion of degeneration {unknown}
 l - 2 potions of heal wounds {unknown}
 o - a potion of lignification {unknown}


   Skills:
 - Level 1.6 Fighting
 - Level 1.8 Throwing
 - Level 2.5 Dodging
 * Level 6.4 Unarmed Combat


You had 4 spell levels left.
You didn't know any spells.
Your spell library contained the following spells:

 Spells                   Type           Power      Damage    Failure   Level
 Gell's Gravitas          Tloc           0%         N/A       86%         3
 Stone Arrow              Conj/Erth      0%         3d7       86%         3
 Passage of Golubria      Tloc           0%         N/A       99%         4
 Dispersal                Tloc           0%         N/A       100%        6
 Disjunction              Tloc           0%         N/A       100%        8
 Lehudib's Crystal Spear  Conj/Erth      0%         10d2      100%        8


Dungeon Overview and Level Annotations

Branches:
Dungeon (3/15)

Altars:

Shops:
D:1 !

Annotations:
D:3 Robin


Innate Abilities, Weirdness & Mutations

You are too large for most types of armour.
You have claws for hands.
Your natural rate of healing is unusually fast.
You are covered in fur. (AC +1)
You have tough skin. (AC +1)


Message History

The goblin hits you with a +0 dagger.
The goblin hits you with a +2 dagger of venom.
The goblin barely misses you.
You barely miss the goblin. The goblin barely misses you.
The goblin closely misses you. The goblin barely misses you.
You scratch the goblin.
The goblin is heavily wounded.
You barely miss the goblin.
The goblin is heavily wounded.
The goblin hits you with a +0 dagger. The goblin closely misses you.
The goblin hits you with a +2 dagger of protection.
The goblin hits you with a +2 dagger of venom.
You are poisoned.
The goblin completely misses you. The goblin hits you but does no damage.
You are too injured to fight recklessly!
You are too injured to fight recklessly!
You are too injured to fight recklessly!
You are too injured to fight recklessly!
You are too injured to fight recklessly!
You are too injured to fight recklessly!
You are too injured to fight recklessly!
You are too injured to fight recklessly!
Unknown command.
Robin attacks as you move away! Robin hits you but does no damage.
The goblin attacks as you move away!
The goblin hits you with a +2 dagger of venom!
* * * LOW HITPOINT WARNING * * *
You are lethally poisoned!
* * * LOW HITPOINT WARNING * * *
You feel very sick. The goblin closely misses you.
The goblin hits you but does no damage.
The air fills with toxic fumes!
As you read the scroll labelled ANUSUD VASAE, it crumbles to dust.
It was a scroll of poison.
* * * LOW HITPOINT WARNING * * *
You feel very sick. Robin hits you with a +0 dagger.
* * * LOW HITPOINT WARNING * * *
The goblin hits you with a +0 club.
You die...

#..#.........
#..#.........
#..#.........
#..#.........
######..#.........
+.......##........
#######§###.......
###§§§§§§.....†)..
#@gg###'###.####.#
#ggg#....##.# #.#
.....§ggg#....##.#
#.#
....§§g§§#....##.#
#.#
...§§§§§§#....##..
#.#
..###§§§§#....##..
#.. .
#§§§§#....##.. ###
§§§§§###.##....
###..$#


You could see Robin, 2 hobgoblins and 6 goblins.

Vanquished Creatures
  A necrophage (D:3)
  Natasha (thrice) (D:2)
  4 adders
  A shadow imp (D:3)
  A dart slug (D:1)
  An orc (D:3)
  4 endoplasms
  7 goblins
  5 hobgoblins
  5 jackals (D:1)
  4 kobolds
  A quokka (D:2)
  4 ball pythons
  3 bats
  A frilled lizard (D:2)
  4 rats
49 creatures vanquished.

Notes
Turn   | Place    | Note
-------+----------+-------------------------------------------
     0 | D:1      | Malachi the Troll Gladiator began the quest for the Orb.
     0 | D:1      | Reached XP level 1. HP: 19/19 MP: 0/0
    86 | D:1      | Found a faded altar of an unknown god.
   128 | D:1      | Reached XP level 2. HP: 27/27 MP: 1/1
   792 | D:1      | Found Woel's Distillery.
  1396 | D:2      | Reached skill level 4 in Unarmed Combat
  1406 | D:2      | Reached XP level 3. HP: 32/33 MP: 2/2
  1559 | D:2      | Noticed Natasha
  1573 | D:2      | Killed Natasha
  1574 | D:2      | Reached XP level 4. HP: 28/41 MP: 3/3
  1794 | D:2      | Noticed Natasha
  1826 | D:2      | Killed Natasha
  1827 | D:2      | Reached skill level 5 in Unarmed Combat
  2088 | D:2      | Noticed Natasha
  2098 | D:2      | Killed Natasha
  2304 | D:3      | Reached XP level 5. HP: 48/48 MP: 4/4
  2312 | D:3      | Got the Almanac of Coordinates and Stones
  2409 | D:3      | Reached skill level 6 in Unarmed Combat
  2571 | D:3      | Noticed Robin
  2583 | D:3      | Slain by a goblin

Illustrated notes

Levels and vault maps discovered:
D:1:      onia_arrival_mini_maze_b, layout_basic, serial_shops, shop,
          hellmonk_ecumenical_altar_zigzags
D:2:      layout_loops_corners, uniq_natasha
D:3:      layout_basic, uniq_robin

Skill      XL: |  1  2  3  4  5 |
---------------+----------------+-----
Unarmed Combat | 4 5 6 |  6.4
Fighting       | |  1.6
Throwing       | |  1.8
Dodging        | |  2.5

Action                   |  1- 3 |  4- 6 || total
-------------------------+-------+-------++-------
Melee: Unarmed           |    91 |    71 ||   162
       Punch             |     2 |     1 ||     3
  Use: Scroll            |       |     1 ||     1
Armor: Robe              |    29 |    16 ||    45
Dodge: Dodged            |    35 |    34 ||    69

Table legend: (Time is in decaauts)
 A = Elapsed time spent in this place.
 B = Non-inter-level travel time spent in this place.
 C = Inter-level travel time spent in this place.
 D = Time resting spent in this place.
 E = Time spent auto-exploring this place.
 F = Levels seen in this place.
 G = Mean time per level.
                   A        B        C        D        E       F      G
               +--------+--------+--------+--------+--------+-----+--------+
         Total |   2568 |   2299 |    269 |    127 |   1855 |   3 |  856.0 |
       Dungeon |   2568 |   2299 |    269 |    127 |   1855 |   3 |  856.0 |
               +--------+--------+--------+--------+--------+-----+--------+

Top non-repeatable levels by time:
     D:1: 1138 daAuts
     D:2: 1103 daAuts
     D:3: 326 daAuts
